 Dungeon Crawl Stone Soup version 0.31-a0-691-g409c26aa35 (webtiles) character file.

Game seed: 562209939215532476

25 GloriousHammer the Ruffian (level 2, 0/23 HPs)
             Began as a Draconian Shapeshifter on Sept 6, 2023.
             Was a Follower of Qazlal.
             Slain by a +2 spectral club (6 damage)
             ... created by Jessica
             ... on level 2 of the Dungeon.
             The game lasted 00:01:34 (703 turns).

GloriousHammer the Ruffian (Draconian Shapeshifter)  Turns: 703, Time: 00:01:35

Health: 0/23       AC:  4    Str: 16    XL:     2   Next: 82%
Magic:  2/2        EV: 12    Int: 10    God:    Qazlal [*.....]
Gold:   47         SH:  1    Dex: 10    Spells: 1/1 levels left

rFire   . .          .
                       - Unarmed
rCold   . . .        (no shield)
rNeg    . . .        (body armour unavailable)
rPois   .            (helmet currently unavailable)
rElec   .            (cloak currently unavailable)
rCorr   .            (gloves currently unavailable)
SInv    .            (boots currently unavailable)
Will    .....        (no amulet)
Stlth   +            (no ring)
HPRegen 0.23/turn    (no ring)
MPRegen 0.08/turn

%: no passive effects
@: beast-form, slowed, very slow
A: beast (slay +1), AC +4, unfitting armour, cold-blooded
a: Begin Untransformation, Renounce Religion


You were on level 2 of the Dungeon.
You worshipped Qazlal.
Qazlal was aware of your devotion.
You were a hulking beast.
You visited 1 branch of the dungeon, and saw 2 of its levels.

You collected 47 gold pieces.

Inventory:

Missiles
 m - 2 poisoned darts
Talismans
 b - a beast talisman (active)
 c - a flux talisman
Scrolls
 e - 4 scrolls of identify {unknown}
 f - a scroll of fog {unknown}
 g - 2 scrolls of teleportation {unknown}
 h - 2 scrolls of immolation {unknown}
 i - 2 scrolls of fear {unknown}
 j - a scroll of noise {unknown}
 l - a scroll of blinking {unknown}
Potions
 a - a potion of lignification
 d - 3 potions of curing {unknown}
 k - a potion of heal wounds {unknown}
 n - a potion of haste {unknown}
 o - a potion of resistance {unknown}


   Skills:
 - Level 1.1 Fighting
 - Level 1.7 Dodging
 * Level 3.7 Unarmed Combat
 + Level 3.3 Shapeshifting


You had one spell level left.
You didn't know any spells.
Your spell library was empty.

Dungeon Overview and Level Annotations

Branches:
Dungeon (2/15)

Altars:
Qazlal

Annotations:
D:2 Jessica


Innate Abilities, Weirdness & Mutations

You are a hulking beast.
Your limbs bulge with bestial killing power. (Slay +1)
Your plain brown scales are hard. (AC +4)
You cannot fit into any form of body armour.
You are cold-blooded and may be slowed by cold attacks.


Message History

The adder hisses angrily.
The ball python closely misses you. The ball python grabs you.
The ball python constricts you.
You barely miss the ball python. You punch the ball python.
The ball python is moderately wounded.
The ball python barely misses you. The ball python constricts you.
You closely miss the ball python.
The ball python is moderately wounded.
The ball python loses its grip on you.
You barely miss the adder. You tail-slap the adder.
The adder is moderately wounded.
The adder barely misses you.
You barely miss the adder.
The adder is moderately wounded.
The adder bites you but does no damage.
You punch the adder!
The adder is almost dead.
You block the adder's attack.
You punch the adder!
You kill the adder!
Qazlal accepts your kill.
You completely miss the ball python.
The ball python is moderately wounded.
The ball python barely misses you. x2
You hit the ball python.
The ball python is heavily wounded.
The ball python closely misses you. The ball python misses you.
You hit the ball python.
You kill the ball python!
Qazlal accepts your kill.
You see here an adder corpse.
n - a yellow potion
Found a stone staircase leading down.
You now have 41 gold pieces (gained 10).
There is a stone staircase leading down here.
There is a stone staircase leading down here.
An endoplasm comes into view.
Found a scroll labelled OREDA ENKUIDEL and a runed mace.
Found a stone staircase leading down.
The endoplasm moves out of view.
An endoplasm is nearby!
The endoplasm hits you but does no damage.
Unknown command.
You hit the endoplasm.
You kill the endoplasm!
Qazlal accepts your kill.
Found 6 gold pieces.
g - 2 scrolls labelled OREDA ENKUIDEL (gained 1)
You see here a +0 mace of holy wrath.
Found a blue potion.
You now have 47 gold pieces (gained 6).
Found a stone staircase leading up.
Found 5 stones.
o - a blue potion
Found a coppery potion.
Found an escape hatch in the ceiling.
e - 4 scrolls labelled ZEKESIGGEA (gained 1)
A goblin comes into view. It is wielding a +0 club.
Found 7 gold pieces.
Found 10 gold pieces.
The goblin hits you with a +0 club.
You barely miss the goblin. The goblin hits you but does no damage.
You hit the goblin.
Your tail-slap misses the goblin.
The goblin is severely wounded.
The goblin barely misses you.
You hit the goblin.
You kill the goblin!
Qazlal accepts your kill.
A goblin comes into view. It is wielding a +0 dagger.
Found a stone.
Items here: ! $ ) †.
Jessica the Apprentice Sorceress comes into view.
She is wielding a +2 spectral club.
Jessica shouts!
You see here 7 gold pieces.
Found 9 gold pieces.
You barely miss Jessica. You tail-slap Jessica.
Jessica is severely wounded.
An endoplasm comes into view.
Jessica barely misses you. The +2 spectral club hits you.
A +2 spectral club comes into view.
The endoplasm quivers.
You hit Jessica.
Jessica is almost dead.
The +2 spectral club closely misses you.
Jessica hits you with a +2 spectral club.
The +2 spectral club barely misses you.
You closely miss Jessica.
Jessica is almost dead.
The +2 spectral club closely misses you.
The +2 spectral club hits you.
Jessica points at you and mumbles some strange words.
You feel yourself slow down.
You barely miss Jessica.
Jessica is almost dead.
The +2 spectral club hits you.
The +2 spectral club hits you but does no damage.
The +2 spectral club disappears.
Jessica hits you with a +2 spectral club.
* * * LOW HITPOINT WARNING * * *
The +2 spectral club hits you.
You die...

g.####.##....#..#
.......)....<...#
..............#.##
.(#####...##..#.#
...............#
#.....#..##..##
#$....#$..#..#
..#...§##....#
..#..h(...##.#
#.J..#@....# #
..#.........# #.
..##...# .. ...
...# .. .##. ##...
# $. .# ...# .# .
.##


You could see a +2 spectral club (wandering), Jessica and an endoplasm.

Vanquished Creatures
  An adder (D:2)
  A ball python (D:2)
  2 endoplasms
  3 hobgoblins
  A kobold (D:1)
  2 bats (D:1)
  3 goblins
  A rat (D:1)
14 creatures vanquished.

Notes
Turn   | Place    | Note
-------+----------+-------------------------------------------
     0 | D:1      | GloriousHammer the Draconian Shapeshifter began the quest
                  | for the Orb.
     0 | D:1      | Reached XP level 1. HP: 16/16 MP: 1/1
   129 | D:1      | Found a faded altar of an unknown god.
   306 | D:1      | Reached XP level 2. HP: 17/23 MP: 2/2
   539 | D:1      | Prayed at the altar of an unknown god.
   539 | D:1      | Became a worshipper of Qazlal Stormbringer
   539 | D:1      | Reached * piety under Qazlal
   696 | D:2      | Noticed Jessica
   703 | D:2      | Slain by a +2 spectral club

Illustrated notes

Levels and vault maps discovered:
D:1:      amcnicky_arrival_double_pillar, layout_rooms,
          hellmonk_ecumenical_altar_run_dry
D:2:      layout_loops_ring, dreamdust_princess_bridge,
          hangedman_decor_peaks_small, grunt_ministairs_11, uniq_jessica

Action                     || total
---------------------------++-------
  Melee: Unarmed           ||    41
         Tailslap          ||     6
         Punch             ||     1
 Armour: Skin              ||    22
  Dodge: Dodged            ||    21
  Block: Other             ||     1

Table legend: (Time is in decaauts)
 A = Elapsed time spent in this place.
 B = Non-inter-level travel time spent in this place.
 C = Inter-level travel time spent in this place.
 D = Time resting spent in this place.
 E = Time spent auto-exploring this place.
 F = Levels seen in this place.
 G = Mean time per level.
                   A        B        C        D        E       F      G
               +--------+--------+--------+--------+--------+-----+--------+
         Total |    701 |    675 |     26 |      0 |    498 |   2 |  350.5 |
       Dungeon |    701 |    675 |     26 |      0 |    498 |   2 |  350.5 |
               +--------+--------+--------+--------+--------+-----+--------+

Top non-repeatable levels by time:
     D:1: 572 daAuts
     D:2: 128 daAuts
